Map: Ruins of Seras

Players

SticklerMac - Winner!

  • Race: Zerg Zerg
  • League: Silver

kilik

  • Race: Terran Terran
  • League: Bronze

VOD

Have the link to the VOD?

Description

Time

  • Played on: Aug. 29, 2015, 2:12 a.m.
  • Length: 13:27
Show
View Real Time Build Order
Export as new Build Order

SticklerMac Zerg - Winner!

Build Orders: Hatch First 

Get SALT Encoding   

  12  0:01  Drone  
  13  0:08  Drone  
  14  0:18  Overlord  
  14  0:37  Drone x3  
  17  0:59  Hatchery  
  17  1:00  Drone  
  17  1:03  Drone  
  18  1:18  Spawning Pool  
  17  1:20  Drone  
  18  1:26  Drone  
  18  1:30  Extractor  
  18  1:31  Drone  
  19  1:43  Overlord  
  19  1:56  Drone  
  20  2:08  Drone  
  21  2:10  Queen  
  21  2:12  Queen  
  21  2:13  Drone  
  21  2:14  Drone  
  27  2:25  Drone x2  
  29  2:35  Drone  
  29  2:36  Drone  
  31  2:47  Drone x2  
  31  2:49  Lair  
  32  3:04  Drone x2, Extractor  
  33  3:07  Drone x2, Extractor  
  33  3:09  Extractor  
  33  3:16  Metabolic Boost  
  33  3:21  Drone x3  
  33  3:22  Overlord x3  
  36  3:37  Overlord x2  
  36  3:50  Drone  
  36  3:51  Drone x2  
  36  3:52  Spire  
  36  3:54  Drone  
  36  3:55  Drone  
  40  4:00  Drone  
  40  4:01  Drone  
  42  4:03  Drone  
  42  4:06  Drone  
  44  4:10  Overseer  
  44  4:12  Drone  
  45  4:19  Drone x2  
  47  4:26  Drone x2  
  49  4:44  Drone x4  
  49  4:45  Drone  
  54  4:47  Hatchery  
  53  5:02  Drone x2  
  53  5:03  Drone x3  
  58  5:17  Drone  
  58  5:18  Drone x3  
  58  5:19  Drone  
  63  5:26  Drone  
  64  5:30  Zerg Flyer Armor Level 1  
  64  5:51  Mutalisk x2  
  64  5:55  Overlord x4  
  68  6:00  Queen  
  68  6:02  Overlord x4  
  68  6:03  Overlord x2  
  70  6:07  Spine Crawler  
  70  6:08  Spine Crawler  
  70  6:09  Overseer  
  68  6:13  Spine Crawler  
  68  6:14  Spine Crawler  
  68  6:15  Mutalisk  
  68  6:16  Mutalisk x2, Spine Crawler  
  69  6:20  Spine Crawler  
  58  6:26  Mutalisk x3  
  56  6:32  Mutalisk  
  56  6:33  Mutalisk  
  56  6:37  Mutalisk x2  
  62  6:42  Mutalisk  
  64  6:51  Drone x5  
  69  6:57  Mutalisk  
  71  7:03  Mutalisk  
  71  7:04  Mutalisk  
  75  7:13  Mutalisk  
  77  7:21  Drone x2  
  77  7:22  Drone x6  
  85  7:33  Zerg Flyer Weapons Level 1  
  85  7:41  Drone x3  
  85  7:42  Drone x5  
  93  7:55  Drone x3  
  93  7:57  Queen  
  98  8:07  Drone  
  98  8:08  Drone x4  
  98  8:11  Extractor x2  
  101  8:19  Mutalisk x3  
  107  9:01  Mutalisk x2  
  107  9:02  Mutalisk x3  
  115  9:37  Mutalisk x2  
  115  9:38  Mutalisk x2  
  99  9:42  Zergling x2  
  99  9:43  Zergling x24  
  112  9:48  Zergling x2  
  112  9:49  Zergling x2  
  115  10:00  Zergling x6  
  117  10:07  Zergling x4  
  117  10:08  Zergling x2  
  120  10:17  Zergling x12  
  120  10:18  Hatchery, Zergling x2  
  126  10:22  Zerg Flyer Weapons Level 2  
  126  10:23  Zergling x4  
  128  10:30  Zergling x6  
  128  10:32  Baneling Nest  
  130  10:44  Zergling x8  
  130  10:45  Zergling x6  
  137  10:53  Overseer  
  137  10:54  Overseer  
  137  11:00  Zergling x8  
  137  11:01  Zergling x2  
  142  11:09  Hatchery, Overlord x2  
  141  11:12  Overlord x3  
  121  11:36  Zergling x2  
  121  11:37  Zergling x14  
  87  11:48  Mutalisk x6  
  89  11:55  Mutalisk  
  95  12:02  Spore Crawler  
  95  12:05  Spore Crawler  
  88  12:10  Mutalisk x3  
  88  12:14  Mutalisk  
  88  12:15  Mutalisk  
  93  12:24  Mutalisk  
  93  12:25  Mutalisk x3  
  91  12:38  Mutalisk x2  
  91  12:42  Mutalisk x2  
  99  12:49  Mutalisk x4  
  103  12:57  Mutalisk  
Show
View Real Time Build Order
Export as new Build Order

kilik Terran 

Build Orders: 1/1/1 

Get SALT Encoding   

  12  0:01  SCV  
  13  0:13  SCV  
  14  0:19  Supply Depot  
  14  0:25  SCV  
  15  0:36  Refinery  
  15  0:38  Refinery  
  15  0:49  Barracks  
  15  0:52  SCV  
  16  1:04  SCV  
  16  1:08  Supply Depot  
  17  1:16  SCV  
  18  1:28  SCV  
  19  1:42  Factory  
  19  1:44  SCV  
  20  1:50  Marine  
  21  1:56  SCV  
  22  2:08  SCV, Marine  
  24  2:20  SCV  
  25  2:26  Marine  
  25  2:29  Starport  
  26  2:34  Starport  
  26  2:35  Factory Tech Lab  
  26  2:38  SCV  
  27  2:44  Marine  
  28  2:52  SCV  
  29  3:01  Supply Depot  
  29  3:02  Marine  
  30  3:20  SCV  
  30  3:24  Starport Tech Lab  
  30  3:25  Banshee  
  34  3:29  Supply Depot  
  34  3:30  Marine  
  35  3:39  Widow Mine  
  37  3:56  Supply Depot, Banshee  
  37  4:00  SCV  
  41  4:07  Banshee  
  44  4:21  Widow Mine  
  46  4:24  SCV  
  47  4:32  Supply Depot  
  47  4:34  Barracks Tech Lab  
  47  4:35  Barracks  
  47  4:36  SCV  
  48  4:43  Raven  
  50  4:48  SCV  
  50  4:49  Widow Mine  
  53  4:54  Banshee  
  56  5:08  SCV  
  57  5:19  Command Center  
  57  5:28  SCV  
  57  5:34  Barracks Reactor  
  58  5:39  Combat Shields  
  58  5:40  SCV  
  59  5:45  Barracks  
  59  5:50  Factory Reactor  
  59  5:52  SCV  
  59  5:54  Supply Depot  
  60  6:01  Marine  
  61  6:05  SCV  
  62  6:12  Liberator  
  62  6:13  Liberator  
  62  6:17  SCV  
  63  6:19  Marine  
  64  6:29  SCV, Engineering Bay  
  64  6:32  Marine x3  
  69  6:45  SCV  
  64  6:47  SCV  
  64  6:50  Marine x2  
  64  6:57  SCV  
  64  6:58  Marine  
  64  6:59  SCV, Marine  
  68  7:08  Marine  
  69  7:10  SCV  
  69  7:11  Missile Turret  
  69  7:15  Missile Turret  
  70  7:22  Missile Turret, Marine x3  
  73  7:28  Liberator  
  73  7:30  Liberator  
  73  7:34  Missile Turret  
  73  7:36  Missile Turret  
  79  8:04  SCV  
  79  8:14  Marine x4  
  79  8:16  SCV  
  84  8:34  Supply Depot x2  
  84  8:36  Supply Depot  
  84  8:38  Missile Turret  
  84  8:40  Missile Turret  
  84  8:42  Liberator  
  84  8:53  Factory Reactor  
  84  8:55  SCV, Marine x4  
  86  8:56  SCV  
  93  9:07  SCV  
  93  9:08  SCV  
  95  9:10  Stimpack  
  95  9:13  Marine x4  
  95  9:14  Medivac  
  101  9:20  SCV  
  102  9:26  Supply Depot  
  102  9:29  SCV  
  102  9:30  Medivac  
  102  9:31  Marine  
  102  9:32  SCV  
  100  9:41  SCV  
  101  9:51  Supply Depot  
  101  9:52  Supply Depot  
  101  9:53  SCV  
  101  9:54  Missile Turret  
  101  9:57  Supply Depot  
  102  10:03  Medivac x2  
  102  10:06  Medivac  
  108  10:09  Barracks Reactor  
  108  10:11  Marine x2  
  108  10:12  Marine  
  108  10:13  Supply Depot  
  111  10:27  Armory  
  111  10:29  Marine x2  
  111  10:30  Marine  
  114  10:37  Orbital Command  
  114  10:39  Orbital Command  
  112  11:00  Marine x2  
  112  11:01  Marine x3  
  117  11:04  Medivac x2  
  121  11:18  Marine  
  96  11:45  Marine x5  
  94  12:03  Marine x4  
  94  12:04  Marine  
  99  12:20  Marine  
  100  12:46  Marine x2  
  100  12:47  Marine x3  
  99  13:04  Marine x3  
  99  13:05  Marine  
Tags
 
Add a new tag
Caveats
  • Supply blocks, unpowered buildings, or Contaminate may cause inaccurate times.
  • Supply counts are checked every 10 seconds.